 Dungeon Crawl Stone Soup version 0.17.0-23-g0de4337 (webtiles) character file.

7628 ventricule the Grappler (level 10, -11/94 HPs)
             Began as a Troll Summoner on Nov 14, 2015.
             Mangled by a black mamba (15 damage)
             ... on level 2 of the Lair of Beasts.
             The game lasted 00:37:51 (10173 turns).

ventricule the Grappler (Troll Summoner)           Turns: 10173, Time: 00:37:51

Health: -11/94     AC:  6    Str: 19    XL:     10   Next: 98%
Magic:  12/12      EV: 11    Int: 11    God:
Gold:   502        SH:  0    Dex: 12    Spells: 1 memorised, 10 levels left

rFire  . . .     SeeInvis +       - Unarmed
rCold  . . .     Clarity  .     a - +0 robe
rNeg   . . .     SustAt   .     (no shield)
rPois  +         Gourm    +     (helmet restricted)
rElec  .         Spirit   .     z - +0 cloak {+Inv}
rCorr  .         Warding  .     (gloves unavailable)
rMut   .         Stasis   .     (boots unavailable)
MR     .....                    (no amulet)
Stlth  +.........               d - ring of see invisible
                                k - ring of poison resistance

@: lethally poisoned (-11 -> -12), very slightly contaminated, hasted, drained,
very quick, not resistant to hostile enchantments, very unstealthy
A: unfitting armour, claws 3, fast metabolism 3, gourmand, regeneration 2,
shaggy fur 1, tough skin 2
a: Evoke Invisibility


You were on level 2 of the Lair of Beasts.
You were completely stuffed.

You visited 3 branches of the dungeon, and saw 13 of its levels.
You also visited: Ossuary.

You collected 606 gold pieces.
You spent 104 gold pieces at shops.


Innate Abilities, Weirdness & Mutations

You are too large for most types of armour.
You have claws for hands.
Your metabolism is lightning-fast.
You like to eat raw meat.
You heal very quickly.
You are covered in fur (AC +1).
You have very tough skin (AC +2).


   Skills:
 + Level 4.8(4.3) Fighting
 + Level 0.3(0.0) Throwing
 + Level 5.4(4.8) Dodging
 - Level 1.1(0.6) Stealth
 + Level 12.5(11.9) Unarmed Combat
 - Level 1.2(0.7) Spellcasting
 - Level 2.9(2.4) Summonings
 - Level 5.0(4.5) Evocations


You had 10 spell levels left.
You knew the following spells:

 Your Spells              Type           Power        Failure   Level  Hunger
z - Summon Small Mammal   Summ           #...         14%         1    ##.....

Inventory:

Missiles
 g - 3 curare-tipped needles {=f}
 o - 5 large rocks (quivered) {=f}
Armour
 a - a +0 robe (worn)
 z - a +0 cloak of invisibility (worn)
Jewellery
 d - a ring of see invisible (right claw)
 k - a ring of poison resistance (left claw)
 y - an uncursed ring of teleportation
Wands
 e - a wand of random effects (8)
 f - a wand of cold (6)
 q - a wand of random effects (16)
 D - a wand of hasting (4) {!d@v3}
 G - a wand of draining (8)
 M - a wand of frost (29)
 O - a wand of enslavement (8)
Scrolls
 i - 2 scrolls of magic mapping
 m - a scroll of teleportation {@r4}
 n - 2 scrolls of remove curse
 v - 3 scrolls of enchant weapon
 w - 2 scrolls of recharging
Potions
 h - 3 potions of degeneration {!q}
 j - 2 potions of flight
 l - 2 potions of lignification {!q}
 p - a potion of invisibility {unknown}
 r - a potion of brilliance
 s - 2 potions of cure mutation {unknown}
 x - a potion of berserk rage {unknown}
 A - 3 potions of curing {@q1}
 H - 2 potions of poison
 I - a potion of ambrosia {unknown}
 J - a potion of resistance {unknown}
 K - a potion of heal wounds {@q2}
Books
 b - a book of Callings

   Spells                             Type                      Level
   a - Summon Small Mammal            Summoning                    1
   b - Call Imp                       Summoning                    2
   c - Call Canine Familiar           Summoning                    3
   d - Summon Guardian Golem          Hexes/Summoning              3
   e - Summon Lightning Spire         Summoning/Air                4
   f - Summon Ice Beast               Ice/Summoning                4
 u - a book of Annihilations

   Spells                             Type                      Level
   a - Poison Arrow                   Conjuration/Poison           6
   b - Chain Lightning                Conjuration/Air              8
   c - Lehudib's Crystal Spear        Conjuration/Earth            8
   d - Glaciate                       Conjuration/Ice              9
   e - Fire Storm                     Conjuration/Fire             9
 C - a book of Necromancy

   Spells                             Type                      Level
   a - Pain                           Necromancy                   1
   b - Animate Skeleton               Necromancy                   1
   c - Vampiric Draining              Necromancy                   3
   d - Regeneration                   Charms/Necromancy            3
   e - Animate Dead                   Necromancy                   4
   f - Control Undead                 Necromancy                   4
 E - a book of Conjurations

   Spells                             Type                      Level
   a - Magic Dart                     Conjuration                  1
   b - Searing Ray                    Conjuration                  2
   c - Dazzling Spray                 Conjuration/Hexes            3
   d - Fulminant Prism                Conjuration/Hexes            4
   e - Iskenderun's Mystic Blast      Conjuration                  4
   f - Iskenderun's Battlesphere      Conjuration/Charms           5
 F - a book of Minor Magic

   Spells                             Type                      Level
   a - Magic Dart                     Conjuration                  1
   b - Blink                          Translocation                2
   c - Call Imp                       Summoning                    2
   d - Repel Missiles                 Charms/Air                   2
   e - Slow                           Hexes                        2
   f - Conjure Flame                  Conjuration/Fire             3
   g - Mephitic Cloud                 Conjuration/Poison/Air       3
Comestibles
 c - 7 bread rations
 B - a royal jelly

Dungeon Overview and Level Annotations

Branches:
Dungeon (9/15)             Temple (1/1) D:5            Lair (3/8) D:9
  Swamp (0/4) Lair:3          Orc (0/4) D:9
  Snake: Lair:3-6    Spider: Lair:3-6

Altars:
Ashenzari
Cheibriados
Dithmenos
Elyvilon
Fedhas
Gozag
Kikubaaqudgha
Makhleb
Nemelex Xobeh
Okawaru
Qazlal
Ru
Sif Muna
Trog
Vehumet
Xom
Yredelemnul
Zin
The Shining One
Lugonu

Shops:
D:6 ([!

Annotations:
D:2 Sigmund

............................ ...
..........>................. ...
..▒▒▒...▒..▒l▒..▒▒▒......... ▒.
.▒ ▒▒..▒▒▒▒▒▒..▒ ▒▒........▒ ▒f .
▒÷.▒ ▒▒..▒▒▒▒........▒ ▒
▒..▒▒▒▒▒...▒.▒▒........▒▒▒▒▒
........................f...▒
...............................
...▒P...▒▒▒.▒▒..T.▒..............
<▒ ▒▒...▒ ▒▒▒▒.S▒▒▒▒.........▒.▒P
▒▒... ▒.▒.h.▒ ▒..†▒.▒.. ▒▒ ▒..▒
▒▒....▒ ▒lY.▒▒▒.. ▒f ▒▒.Y▒▒ ▒.PP▒
▒▒ .P▒▒...▒▒▒..▒▒ .▒▒
h.........l...▒▒... ....
........................
▒...▒▒▒..▒▒.........▒▒...


You could see a black mamba, a yak and a wolf.


Message History

The black mamba bites you.
* * * LOW HITPOINT WARNING * * *
You are poisoned.
The black mamba poisons you!
You feel sick.
You closely miss the black mamba.
You feel sick. The black mamba bites you!
* * * LOW HITPOINT WARNING * * *
Drink which item? (? for menu, Esc to quit)
You feel better. The black mamba bites you!
* * * LOW HITPOINT WARNING * * *
You are poisoned.
The black mamba poisons you!
Drink which item? (? for menu, Esc to quit)
You feel better. The black mamba bites you.
* * * LOW HITPOINT WARNING * * *
You are poisoned.
The black mamba poisons you!
You feel sick.
You feel sick. The black mamba barely misses you.
You feel sick.
You feel sick.
You closely miss the black mamba. The black mamba misses you.
You claw the black mamba!
The black mamba is heavily wounded.
You feel sick. The black mamba bites you!
* * * LOW HITPOINT WARNING * * *
You closely miss the black mamba.
The black mamba is heavily wounded.
The black mamba bites you!
You die...

Action                   |  1- 3 |  4- 6 |  7- 9 | 10-12 || total
-------------------------+-------+-------+-------+-------++-------
Melee: Unarmed           |   162 |   239 |   396 |   331 ||  1128
Throw: Large rock        |       |       |     3 |       ||     3
 Abil: Evoke Invisibilit |       |       |       |     2 ||     2
Evoke: Wand              |       |       |       |     4 ||     4
  Use: Scroll            |     3 |     4 |     7 |    10 ||    24
       Potion            |       |     2 |       |     3 ||     5
 Stab: Sleeping          |     1 |     2 |     3 |     4 ||    10
       Invisible         |       |       |       |     3 ||     3
  Eat: Chunk             |    13 |     9 |    40 |    26 ||    88
       Fruit             |     3 |       |       |       ||     3
       Meat ration       |       |       |     1 |       ||     1
       Bread ration      |       |       |     1 |       ||     1

Vault maps used:
D:1:      minmay_arrival_diagonal_passages, minmay_gold_behind_fungi
D:2:      first_bread, tso_metal_star, uniq_sigmund, uniq_robin
D:4:      grunt_temple_overflow_growth_and_decay, minitemple,
          nicolae_ossuary_entry_giza
D:5:      minmay_temple_entry_overgrown, grunt_dithmenos_smoke_and_mirrors,
          uniq_pikel, uniq_grinder
D:6:      evilmike_ruin_ashenzari, serial_shops, nicolae_shop_stone,
          nicolae_shop_temple_entry_statues_fountains, shop, uniq_edmund,
          uniq_blork_the_orc
D:8:      kennysheep_mini_moat
D:9:      grunt_temple_overflow_gold_and_silver, kennysheep_little_box,
          david_lair_generic, minmay_orc_entry_guard_dogs
Temple:   corrupted_temple
Lair:1:   serial_bayou_pond_c
Lair:2:   lemuel_ratsnest
Lair:3:   minmay_swamp_entry_reptiles, portal_ice_cave_entry_pillars_02
Ossuary:  ossuary_minmay_tomb_2a

Notes
Turn   | Place    | Note
--------------------------------------------------------------
     0 | D:1      | ventricule the Troll Summoner began the quest for the Orb.
     0 | D:1      | Reached XP level 1. HP: 16/16 MP: 1/1
    66 | D:1      | Reached skill level 1 in Unarmed Combat
   219 | D:1      | Reached XP level 2. HP: 24/24 MP: 2/2
   350 | D:1      | Reached skill level 2 in Unarmed Combat
   750 | D:2      | Noticed Sigmund
   857 | D:2      | Reached XP level 3. HP: 28/31 MP: 3/3
   926 | D:2      | Reached skill level 3 in Unarmed Combat
   940 | D:2      | Noticed Robin
   983 | D:2      | Killed Robin
  1035 | D:2      | Reached XP level 4. HP: 23/39 MP: 4/4
  1386 | D:2      | Found a glowing golden altar of the Shining One.
  1395 | D:2      | Reached skill level 4 in Unarmed Combat
  2031 | D:3      | Reached XP level 5. HP: 41/45 MP: 5/5
  2042 | D:3      | Reached skill level 5 in Unarmed Combat
  2347 | D:3      | Reached XP level 6. HP: 48/53 MP: 6/6
  2704 | D:4      | Found a sand-covered staircase.
  2714 | D:4      | Reached skill level 6 in Unarmed Combat
  2743 | Ossuary  | Entered an ossuary
  2876 | Ossuary  | Reached skill level 7 in Unarmed Combat
  2969 | Ossuary  | Reached XP level 7. HP: 48/59 MP: 7/7
  2988 | Ossuary  | Reached skill level 8 in Unarmed Combat
  3315 | D:4      | Found a blossoming altar of Fedhas.
  3315 | D:4      | Found an ancient bone altar of Kikubaaqudgha.
  4277 | D:4      | Reached skill level 9 in Unarmed Combat
  4326 | D:4      | Found an iron altar of Okawaru.
  4327 | D:4      | Found a stormy altar of Qazlal.
  4328 | D:4      | Found a deep blue altar of Sif Muna.
  4446 | D:5      | Entered Level 5 of the Dungeon
  4511 | D:5      | Reached XP level 8. HP: 54/67 MP: 8/8
  4558 | D:5      | Found a shadowy altar of Dithmenos.
  4730 | D:5      | Noticed Grinder
  4756 | D:5      | Paralysed by Grinder for 4 turns
  4983 | D:5      | Reached skill level 1 in Evocations
  5014 | D:5      | Found a staircase to the Ecumenical Temple.
  5023 | Temple   | Entered the Ecumenical Temple
  5257 | D:5      | Noticed Pikel
  5283 | D:5      | Killed Pikel
  5283 | D:5      | Reached skill level 10 in Unarmed Combat
  5283 | D:5      | Reached skill level 2 in Evocations
  5341 | D:6      | Noticed Edmund
  5354 | D:6      | Reached skill level 3 in Evocations
  5369 | D:6      | Killed Edmund
  5399 | D:6      | Noticed Blork the orc
  5426 | D:5      | Reached XP level 9. HP: 37/74 MP: 10/10
  5514 | D:5      | Killed Grinder
  5541 | D:6      | Found Sidinne's Distillery.
  5565 | D:6      | Bought a potion of curing for 39 gold pieces
  5565 | D:6      | Bought a potion of heal wounds for 65 gold pieces
  5602 | D:6      | Identified a wand of hasting
  5632 | D:6      | Found Kiqe Tio's Antique Armour Boutique.
  5641 | D:6      | Found a shattered altar of Ashenzari.
  5684 | D:6      | Reached skill level 4 in Evocations
  5845 | D:6      | Killed Blork the orc
  5869 | D:6      | Found Meug's Weapon Shop.
  6093 | D:7      | Reached skill level 11 in Unarmed Combat
  6252 | D:7      | Reached skill level 5 in Evocations
  6315 | D:7      | Reached skill level 2 in Dodging
  6411 | D:7      | Reached skill level 1 in Fighting
  6869 | D:8      | Reached skill level 2 in Fighting
  7092 | D:8      | Reached skill level 3 in Dodging
  7504 | D:8      | Found a sacrificial altar of Ru.
  7539 | D:9      | Reached XP level 10. HP: 70/88 MP: 12/12
  7710 | D:9      | Found a staircase to the Orcish Mines.
  7736 | D:9      | Found a shimmering altar of Xom.
  7815 | D:9      | Reached skill level 3 in Fighting
  7823 | D:9      | Found a staircase to the Lair.
  7825 | D:9      | Noticed an elephant
  7852 | D:9      | Killed an elephant
  7852 | D:9      | Reached skill level 4 in Dodging
  8063 | D:9      | Found a glowing silver altar of Zin.
  8063 | D:9      | Found an opulent altar of Gozag.
  8190 | D:9      | Reached skill level 12 in Unarmed Combat
  8574 | Lair:1   | Entered Level 1 of the Lair of Beasts
  8619 | Lair:2   | Reached skill level 4 in Fighting
  9024 | Lair:3   | Reached skill level 5 in Dodging
  9051 | Lair:3   | HP: 7/93 [porcupine (8)]
  9088 | Lair:3   | Found a staircase to the Swamp.
  9195 | Lair:3   | Noticed an eight-headed hydra
  9241 | Lair:2   | HP: 9/94 [hell rat (2)]
  9757 | Lair:2   | Noticed a four-headed hydra
  9761 | Lair:2   | Noticed a six-headed hydra
  9778 | Lair:3   | HP: 1/94 [eight-headed hydra (13)]
 10041 | Lair:2   | Noticed a black mamba
 10164 | Lair:2   | HP: 8/94 [black mamba (11)]
 10172 | Lair:2   | HP: 4/94 [black mamba (10)]
 10173 | Lair:2   | Mangled by a black mamba

Vanquished Creatures
  Pikel (D:5)
  An elephant (D:9)
  A spiny frog (Lair:2)
  Grinder (D:5)
  A wyvern (D:9)
  4 yaks
  A basilisk (Lair:3)
  2 hippogriffs
  A steam dragon (Lair:2)
  A wolf (Lair:2)
  Edmund (D:6)
  3 wargs
  An orc warrior (D:9)
  2 sky beasts
  An eye of draining (D:9)
  A porcupine (Lair:3)
  2 ice beasts
  A phantom (D:6)
  3 centaurs
  A necrophage (D:7)
  2 ogres
  4 crocodiles
  2 giant frogs
  4 elf zombies (Ossuary)
  Blork the orc (D:6)
  A wyvern skeleton (D:9)
  3 scorpions
  6 wights (D:6)
  A giant frog zombie (D:7)
  A wasp zombie (D:7)
  A crimson imp (D:8)
  5 iguanas
  2 human zombies (Ossuary)
  8 orc wizards
  A jelly (D:5)
  3 centaur skeletons
  2 hounds
  8 orc priests
  8 hell rats (Lair:2)
  6 worker ants
  A hound zombie (Ossuary)
  A hound skeleton (D:9)
  5 mummies
  Robin (D:2)
  8 gnolls
  23 river rats (Lair:2)
  A shadow imp (D:7)
  13 adders
  3 oozes
  4 adder skeletons
  3 adder zombies
  4 worms
  6 giant geckos
  35 orcs
  8 bats
  4 giant cockroaches
  A gnoll zombie (Ossuary)
  19 goblins
  10 hobgoblins
  5 quokkas
  A ball python skeleton (D:6)
  A giant cockroach zombie (D:5)
  A giant gecko skeleton (D:6)
  8 giant newts
  A goblin zombie (D:4)
  A hobgoblin zombie (D:4)
  9 jackals
  2 jackal skeletons
  A jackal zombie (Ossuary)
  8 kobolds
  A kobold zombie (Ossuary)
  An orc zombie (Ossuary)
  A quokka skeleton (D:5)
  26 rats
  A fungus (D:1)
317 creatures vanquished.

Vanquished Creatures (others)
  6 fungi (Lair:2)
  3 plants
9 creatures vanquished.

Grand Total: 326 creatures vanquished
